 Dungeon Sprint DCSS version 0.20-a0-1121-gbb42413 (webtiles) character file.

32939 potatolord6000 the Severer (level 13, -8/142 HPs)
             Began as a Deep Dwarf Fighter on May 10, 2017.
             Was an Initiate of Gozag.
             Mangled by Akhisel the pandemonium lord (42 damage)
             ... in the Dungeon (Sprint V: "Ziggurat Sprint").
             The game lasted 00:16:21 (925 turns).

potatolord6000 the Severer (Deep Dwarf Fighter)      Turns: 925, Time: 00:16:23

Health: -8/142     AC: 37    Str: 34    XL:     13   Next: 34%
Magic:  11/11      EV: 14    Int: 17    God:    Gozag
Gold:   284        SH: 22    Dex: 21    Spells: 12/12 levels left

rFire    + . .     SeeInvis +   y - +5 broad axe (chop)
rCold    + . .     Gourm    .   a - +2 shield {AC+3}
rNeg     . . .     Faith    .   l - +15 Maxwell's patent armour {-Cast -Tele rElec MR+ rCorr}
rPois    +         Spirit   .   q - +0 helmet {Int+3}
rElec    +         Reflect  +   (no cloak)
rCorr    +         Harm     .   (no gloves)
MR       ++...     NoTele   +   m - +2 pair of boots of the Assassin {Detection Stab+ Stlth++} Stlth ++........NoCast +
                                H - amulet of Dim Light {Reflect Int+4 Dex+4 SH+3 Stlth+}
Regen    0.0/turn               J - +3 ring of protection
MPRegen  0.2/turn               I - ring "Ejenoply" {*Slow rElec Str+5 SInv Stlth+}

@: mighty, agile, lethally poisoned (-8 -> -8), resistant, corroded, very
slightly contaminated, non-regenerating, hasted and slowed, studying 3 skills,
drained, invisible
A: damage resistance, heal wounds, sense surroundings 2, no regeneration
a: Heal Wounds, Potion Petition, Call Merchant, Bribe Branch, Renounce Religion


You were in the Dungeon.
You worshipped Gozag.
Gozag was aware of your devotion.
You were not hungry.

You visited 1 branch You collected 9477 gold pieces.
You spent 2673 gold pieces at shops.
You paid 6520 gold pieces to Gozag.

Inventory:

Hand Weapons
 y - a +5 broad axe of chopping (weapon)
Armour
 a - a +2 shield of protection (worn)
 l - the +15 Maxwell's patent armour (worn) {-Cast -Tele rElec MR+ rCorr}
   (You found it in the Dungeon)

   It insulates you from electricity.
   It affects your resistance to hostile enchantments.
   It prevents spellcasting.
   It prevents most forms of teleportation.
   It protects you from acid and corrosion.
 m - the +2 pair of boots of the Assassin (worn) {Detection Stab+ Stlth++}
   (You bought it in a shop in the Dungeon)

   It makes you much more stealthy.
 q - a +0 helmet of intelligence (worn)
Jewellery
 H - the amulet of Dim Light (around neck) {Reflect Int+4 Dex+4 SH+3 Stlth+}
   (You bought it in a shop in the Dungeon)

   [amulet of reflection]

   It shields you and reflects attacks.
   It affects your intelligence (+4).
   It affects your dexterity (+4).
   It affects your SH (+3).
   It makes you more stealthy.
 I - the ring "Ejenoply" (right hand) {*Slow rElec Str+5 SInv Stlth+}
   (You bought it in a shop in the Dungeon)

   [ring of stealth]

   It affects your strength (+5).
   It insulates you from electricity.
   It lets you see invisible.
   It may slow you when you take damage.
   It makes you more stealthy.
 J - a +3 ring of protection (left hand)
Scrolls
 k - 4 scrolls of blinking
 n - 4 scrolls of amnesia
 o - 3 scrolls of recharging
 r - 8 scrolls of fog
 s - a scroll of holy word
 t - 5 scrolls of identify
 u - 5 scrolls of remove curse
 v - 2 scrolls of fear
 A - 8 scrolls of enchant weapon
 D - a scroll of enchant armour
Potions
 d - 8 potions of might
 e - 9 potions of curing
 h - 9 potions of haste
 i - 7 potions of magic
 j - 3 potions of berserk rage
 w - 2 potions of brilliance
 x - 2 potions of invisibility
 z - 4 potions of resistance
 B - 5 potions of agility
Books
 C - a manual of Polearms
 E - a manual of Axes
 G - a manual of Slings
Comestibles
 b - 42 fruits
 c - 4 meat rations
 f - 5 bread rations


   Skills:
 + Level 16.3(15.8) Fighting
 + Level 20.0(19.4) Axes
 + Level 18.9(18.3) Armour
 + Level 18.9(18.4) Shields


You had 12 spell levels left.
You didn't know any spells.

Dungeon Overview and Level Annotations

Branches:
Dungeon (1/1)

Altars:
Ashenzari
Cheibriados
Dithmenos
Elyvilon
Fedhas
Gozag
Hepliaklqana
Kikubaaqudgha
Makhleb
Nemelex Xobeh
Okawaru
Qazlal
Ru
Sif Muna
Trog
Uskayaw
Vehumet
Wu Jian
Xom
Yredelemnul
Zin
The Shining One
Beogh
Jiyva
Lugonu

Shops:
D =![?[

Annotations:
D 1 transporter


Innate Abilities, Weirdness & Mutations

You are resistant to damage.
You can heal yourself by infusing magical energy.
You passively map the area around you.
You do not regenerate.


Message History

* * * LOW HITPOINT WARNING * * *
You feel drained. Volischi hits you.
* * * LOW HITPOINT WARNING * * *
Space bends around you.
* * * LOW HITPOINT WARNING * * *
The rust devil hits you.
The rust devil corrodes you! [a] - 504 gold - resistance, might and agility [b] - 325 gold - heal wounds, might and agility [c] - 336 gold - haste and brilliance Purchase which effect?
You no longer have enough gold to petition Gozag for potion effects.
You feel much better.
You feel very mighty all of a sudden.
You feel more agile all of a sudden.
The orange demon is no longer distracted by gold.
Otsamak hits you but does no damage.
You feel as though your hastened speed will last longer.
You block the orange demon's attack. You block the rust devil's attack.
Akhisel hits you!!!
You die...
Your body crumbles into a pile of gold.

** * * ▓▓▓▓▓▓▓▓▓▓ ,,,
▓....8©8....▓▓.8©8.▓.8© ,
▓..[::)=:)..▓▓.))).▓.[} ,
,,▓..}))[))|..▓▓..[..▓...
,, ,
▓...........▓▓.....▓... ,
▓...........▓▓.||..▓... ,
,▓.....4.....▓▓.....▓...
, ▓....44&....▓▓..(..▓...
, ,
,▓....&@3....▓▓▓▓▓▓▓▓▓▓▓
, ,
▓..▓.&$..▓..▓..8©8...▓.
▓...........▓..=.:...▓. ,
*,
▓...........▓...}....▓. ,
, ▓▓▓▓▓▓▓▓▓▓▓▓▓........▓.
, , ,
▓....8©8....▓........▓.
**
*▓..[)..)....▓.▓....▓.▓.
, ,
▓.....=(....▓........▓. ,
▓..∩.(.(....▓▓▓▓▓▓▓▓▓▓▓


You could see Akhisel, Otsamak, Volischi, a soul eater, an orange demon, an ice
devil and a rust devil.

Vanquished Creatures
  A tentacled starspawn (D)
  A blood saint (D)
  2 stone giants (D)
  A lorocyproca (D)
  2 merfolk javelineers (D)
  A great orb of eyes (D)
  2 merfolk impalers (D)
  4 yaktaur captains (D)
  2 vault guards (D)
  2 merfolk aquamancers (D)
  A death knight (D)
  2 sun demons (D)
  2 wretched stars (D)
  A sixfirhy (D)
  A shadow demon (D)
  An ironbrand convoker (D)
  A deep elf archer (D)
  A harpy (D)
  A deep elf mage (D)
  An orc knight (D)
  8 cyclopes (D)
  A large abomination (D)
  2 merfolk sirens (D)
  A vault sentinel (D)
  An orange demon (D)
  2 yaktaurs (D)
  A red devil (D)
  An ice devil (D)
  5 merfolk (D)
  3 jumping spiders (D)
  A polar bear (shapeshifter) (D)
  5 hippogriffs (D)
  A water elemental (D)
  A wraith (D)
  A basilisk (D)
  A hell hound (D)
  2 porcupines (D)
  A water moccasin (D)
  2 wolves (D)
  A boggart (D)
  10 centaurs (D)
  A bullfrog (D)
  2 earth elementals (D)
  7 scorpions (D)
  A crimson imp (D)
  2 iguanas (D)
  2 orc wizards (D)
  A river rat (D)
  A white imp (D)
  An ufetubus (D)
  An adder skeleton (D)
  A bat skeleton (D)
  2 jackals (D)
  A quokka skeleton (D)
  A starspawn tentacle (D)
105 creatures vanquished.

Vanquished Creatures (others)
  A dancing weapon (D)
  A merfolk aquamancer (D)
  A harpy (D)
  3 starspawn tentacles (D)
6 creatures vanquished.

Grand Total: 111 creatures vanquished

Notes
Turn   | Place    | Note
-------+----------+-------------------------------------------
     0 | D        | potatolord6000 the Deep Dwarf Fighter began the quest for the Orb.
     0 | D        | Reached XP level 1. HP: 20/20 MP: 1/1
     0 | D        | Found a blossoming altar of Fedhas.
     1 | D        | Found a viscous altar of Jiyva.
     1 | D        | Found an ancient bone altar of Kikubaaqudgha.
     1 | D        | Found a hazy altar of Hepliaklqana.
     1 | D        | Found a corrupted altar of Lugonu.
     1 | D        | Found an opulent altar of Gozag.
     1 | D        | Found a burning altar of Makhleb.
    12 | D        | Found an iron altar of Okawaru.
    12 | D        | Found a stormy altar of Qazlal.
    12 | D        | Found a sparkling altar of Nemelex Xobeh.
    12 | D        | Found a sacrificial altar of Ru.
    12 | D        | Found a deep blue altar of Sif Muna.
    43 | D        | Found a bloodstained altar of Trog.
   113 | D        | Became a worshipper of Gozag Ym Sagoz the Greedy
   114 | D        | Reached skill level 4 in Axes
   114 | D        | Reached skill level 5 in Armour
   114 | D        | Reached skill level 5 in Shields
   114 | D        | Reached XP level 2. HP: 30/30 MP: 2/2
   123 | D        | Entered arena 2.
   128 | D        | Reached skill level 5 in Axes
   128 | D        | Reached XP level 3. HP: 37/37 MP: 3/3
   140 | D        | Got the ring "Rahuitz" {+Fly Str-5 Int+4 Slay+2 Stlth+}
   146 | D        | Entered arena 3.
   146 | D        | Noticed a hell hound
   151 | D        | Reached skill level 5 in Fighting
   151 | D        | Reached XP level 4. HP: 44/46 MP: 4/4
   152 | D        | Killed a hell hound
   152 | D        | Reached skill level 7 in Axes
   152 | D        | Reached XP level 5. HP: 53/55 MP: 5/5
   167 | D        | Entered arena 4.
   167 | D        | Noticed a deep elf archer
   167 | D        | Noticed a deep elf mage
   167 | D        | Noticed a long sword of holy wrath
   170 | D        | Killed a long sword of holy wrath
   170 | D        | Reached skill level 9 in Axes
   170 | D        | Reached skill level 10 in Armour
   170 | D        | Reached XP level 6. HP: 65/68 MP: 6/6
   170 | D        | Reached XP level 7. HP: 72/75 MP: 7/7
   173 | D        | Noticed a soul eater
   174 | D        | Killed a deep elf mage
   174 | D        | Reached skill level 10 in Axes
   174 | D        | Reached skill level 10 in Shields
   174 | D        | Reached XP level 8. HP: 81/84 MP: 8/8
   177 | D        | Killed a deep elf archer
   177 | D        | Reached skill level 11 in Axes
   216 | D        | Entered arena 5.
   216 | D        | Noticed a jumping spider
   216 | D        | Noticed a jumping spider
   220 | D        | Killed a jumping spider
   221 | D        | Gained mutation: You passively map the area around you. [Deep Dwarf growth]
   221 | D        | Reached XP level 9. HP: 89/93 MP: 9/9
   230 | D        | Killed a jumping spider
   230 | D        | Reached skill level 10 in Fighting
   246 | D        | Entered arena 6.
   274 | D        | Entered arena 7.
   274 | D        | Noticed a jumping spider
   278 | D        | Reached skill level 12 in Axes
   283 | D        | Killed a jumping spider
   295 | D        | Bought the +2 pair of boots of the Assassin {Detection Stab+ Stlth++} for 660 gold pieces
   308 | D        | Entered arena 8.
   308 | D        | Noticed a merfolk
   308 | D        | Noticed a merfolk
   308 | D        | Noticed a merfolk
   317 | D        | Killed a merfolk
   319 | D        | Killed a merfolk
   319 | D        | Reached XP level 10. HP: 81/104 MP: 10/10
   359 | D        | Entered arena 9.
   363 | D        | Reached skill level 13 in Axes
   388 | D        | Entered arena 10.
   388 | D        | Noticed a cyclops
   399 | D        | Killed a cyclops
   443 | D        | Bought a scroll of enchant armour for 112 gold pieces
   450 | D        | Entered arena 11.
   450 | D        | Noticed a vault sentinel
   450 | D        | Noticed an orc knight
   450 | D        | Noticed a vault guard
   450 | D        | Noticed a great orb of eyes
   450 | D        | Noticed a death knight
   450 | D        | Noticed an ironbrand convoker
   450 | D        | Noticed a vault guard
   455 | D        | Killed a vault guard
   455 | D        | Reached skill level 14 in Axes
   458 | D        | Killed an ironbrand convoker
   461 | D        | Killed a great orb of eyes
   461 | D        | Reached XP level 11. HP: 96/115 MP: 10/10
   463 | D        | Killed a vault guard
   467 | D        | Reached skill level 15 in Shields
   469 | D        | Killed an orc knight
   469 | D        | Reached skill level 15 in Armour
   471 | D        | Killed a death knight
   471 | D        | Reached skill level 15 in Axes
   503 | D        | Entered arena 12.
   503 | D        | Noticed a merfolk aquamancer
   503 | D        | Noticed a merfolk aquamancer
   503 | D        | Noticed a harpy
   504 | D        | Noticed a merfolk impaler
   504 | D        | Noticed a merfolk impaler
   504 | D        | Noticed a merfolk aquamancer
   505 | D        | Noticed a harpy
   513 | D        | Killed a harpy
   515 | D        | Killed a merfolk impaler
   517 | D        | Killed a merfolk aquamancer
   517 | D        | Killed a harpy
   520 | D        | Killed a merfolk aquamancer
   520 | D        | Killed a merfolk aquamancer
   530 | D        | Killed a merfolk impaler
   530 | D        | Reached skill level 16 in Axes
   577 | D        | Entered arena 13.
   577 | D        | Noticed a merfolk javelineer
   577 | D        | Noticed a yaktaur captain
   578 | D        | Noticed a yaktaur captain
   578 | D        | Noticed a merfolk javelineer
   579 | D        | Identified the +8 morningstar "Toxkunu" {crush, rElec Int+2 Dex-4}
   583 | D        | Identified the +10 morningstar of Linearity {distort, -Tele rF+ Int+4}
   587 | D        | Killed a yaktaur captain
   587 | D        | Reached XP level 12. HP: 107/128 MP: 11/11
   589 | D        | Killed a yaktaur captain
   590 | D        | Killed a merfolk javelineer
   600 | D        | Killed a merfolk javelineer
   600 | D        | Reached skill level 17 in Axes
   631 | D        | Got the ring "Feriostru" {Wiz rN+ MR- Str+5 Dex+3}
   639 | D        | Bought a +0 helmet of intelligence for 207 gold pieces
   656 | D        | Entered arena 14.
   657 | D        | Noticed a tentacled starspawn
   668 | D        | Killed a tentacled starspawn
   670 | D        | Reached skill level 15 in Fighting
   691 | D        | Killed a lorocyproca
   724 | D        | Got the amulet of Xom's Capriciousness {Inacc rElec rF+}
   788 | D        | Bought a potion of might for 48 gold pieces
   788 | D        | Bought a potion of might for 48 gold pieces
   788 | D        | Bought a potion of curing for 36 gold pieces
   788 | D        | Bought a potion of might for 48 gold pieces
   788 | D        | Bought a potion of heal wounds for 60 gold pieces
   791 | D        | Entered arena 15.
   792 | D        | Noticed a stone giant
   792 | D        | Noticed a yaktaur captain
   793 | D        | Noticed a stone giant
   793 | D        | Noticed a yaktaur captain
   803 | D        | Killed a stone giant
   803 | D        | Reached skill level 18 in Axes
   803 | D        | Killed a stone giant
   806 | D        | Reached XP level 13. HP: 77/140 MP: 12/12
   809 | D        | Reached skill level 19 in Axes
   868 | D        | Bought the amulet of Dim Light {Reflect Int+4 Dex+4 SH+3 Stlth+} for 592 gold pieces
   868 | D        | Bought the ring "Ejenoply" {*Slow rElec Str+5 SInv Stlth+} for 568 gold pieces
   868 | D        | Bought a +3 ring of protection for 294 gold pieces
   891 | D        | Entered arena 16.
   892 | D        | Noticed Akhisel the pandemonium lord
   893 | D        | Noticed an infernal blood saint
   893 | D        | Noticed Otsamak the pandemonium lord
   893 | D        | Noticed Volischi the pandemonium lord
   906 | D        | Paralysed by Otsamak for 6 turns
   917 | D        | Killed an infernal blood saint
   917 | D        | Reached skill level 20 in Axes
   923 | D        | HP: 7/142 [Otsamak the pandemonium lord (1)]
   925 | D        | Mangled by Akhisel the pandemonium lord

Vault maps used:
D:        sprint_v

Skill      XL: |  1  2  3  4  5  6  7  8  9 10 11 12 13 |
---------------+----------------------------------------+-----
Fighting       | 4 5 6 8 9 11 12 14 15 16 | 16.3
Axes           | 4 5 7 9 10 11 12 14 16 18 20 | 20.0
Armour         | 5 6 7 10 11 13 14 16 18 | 18.9
Shields        | 5 6 7 9 10 11 13 14 16 18 | 18.9

Action                   |  1- 3 |  4- 6 |  7- 9 | 10-12 | 13-15 || total
-------------------------+-------+-------+-------+-------+-------++-------
Melee: Broad axe         |    12 |     3 |    38 |   125 |    28 ||   206
Invok: Call Merchant     |       |       |     1 |     3 |     1 ||     5
       Potion Petition   |       |       |       |     2 |     2 ||     4
 Abil: Heal Wounds       |     1 |       |     2 |     7 |     5 ||    15
  Use: Potion            |     2 |     1 |       |    13 |     1 ||    17
       Scroll            |       |       |     1 |       |       ||     1
 Stab: Distracted        |       |       |       |     1 |       ||     1
       Invisible         |       |       |       |       |     8 ||     8
Armor: Plate armour      |     6 |       |    44 |   128 |    32 ||   210
Dodge: Dodged            |       |       |    10 |    70 |    11 ||    91
Block: Shield            |    20 |     3 |    40 |   163 |    37 ||   263
